 Dungeon Crawl Stone Soup version 0.17.1-1-g73c8601 (webtiles) character file.

294 mindo the Magician (level 6, -8/37 HPs)
             Began as a High Elf Wizard on Dec 13, 2015.
             Shot with an arrow by a centaur (9 damage)
             ... on level 5 of the Dungeon on Dec 15, 2015.
             The game lasted 00:46:54 (4073 turns).

mindo the Magician (High Elf Wizard)                Turns: 4073, Time: 00:46:55

Health: -8/37      AC:  5    Str: 11      XL:     6   Next: 11%
Magic:  2/14       EV: 17    Int: 23 (24) God:
Gold:   197        SH:  0    Dex: 14      Spells: 3 memorised, 8 levels left

rFire  . . .     SeeInvis .     u - +1 hand axe
rCold  . . .     Clarity  .     n - +0 leather armour
rNeg   . . .     SustAt   +     (no shield)
rPois  .         Gourm    .     b - +0 hat
rElec  .         Spirit   .     g - +0 cloak
rCorr  .         Warding  .     r - +0 pair of gloves
rMut   .         Stasis   .     (no boots)
MR     .....                    (no amulet)
Stlth  ++........               F - ring of sustain attributes
                                e - +4 ring of evasion

@: mighty, not resistant to hostile enchantments, unstealthy
A: no striking features
a: no special abilities


You were on level 5 of the Dungeon.
You were not hungry.

You visited 1 branch of the dungeon, and saw 5 of its levels.

You collected 197 gold pieces.

Inventory:

Hand Weapons
 i - a +0 whip
 p - a +0 halberd
 u - a +1 hand axe (weapon)
 v - a +0 spear
 C - a +0 spear
Missiles
 m - 21 arrows
 o - 5 needles of confusion
 w - 2 tomahawks (quivered)
 B - 30 bolts
Armour
 a - a +0 robe
 b - a +0 hat (worn)
 g - a +0 cloak (worn)
 k - a +0 helmet
 n - a +0 leather armour (worn)
 r - a +0 pair of gloves (worn)
 D - a +0 scale mail
Jewellery
 e - a +4 ring of evasion (left hand)
 F - a ring of sustain attributes (right hand)
Scrolls
 f - a scroll of noise
 h - 9 scrolls of identify
 j - a scroll of immolation
 x - 3 scrolls of remove curse
 y - 2 scrolls of teleportation {unknown}
 E - a scroll of fog {unknown}
 H - a scroll of blinking
Potions
 I - a potion of heal wounds {unknown}
Books
 c - a book of Minor Magic

   Spells                             Type                      Level
   a - Magic Dart                     Conjuration                  1
   b - Blink                          Translocation                2
   c - Call Imp                       Summoning                    2
   d - Repel Missiles                 Charms/Air                   2
   e - Slow                           Hexes                        2
   f - Conjure Flame                  Conjuration/Fire             3
   g - Mephitic Cloud                 Conjuration/Poison/Air       3
 G - a book of Geomancy

   Spells                             Type                      Level
   a - Sandblast                      Earth                        1
   b - Stoneskin                      Transmutation/Earth          2
   c - Passwall                       Transmutation/Earth          3
   d - Stone Arrow                    Conjuration/Earth            3
   e - Petrify                        Transmutation/Earth          4
   f - Lee's Rapid Deconstruction     Earth                        5
Comestibles
 d - 5 bread rations
 l - 4 meat rations
 q - a beef jerky
 s - a slice of pizza
 z - a royal jelly


   Skills:
 + Level 0.6 Fighting
 + Level 0.1(0.2) Axes
 + Level 0.2(0.3) Maces & Flails
 + Level 0.6 Throwing
 + Level 1.9 Armour
 + Level 3.2 Dodging
 + Level 3.2 Stealth
 + Level 5.3 Spellcasting
 + Level 2.9 Conjurations
   Level 0.8 Summonings
   Level 1.1 Translocations
 + Level 0.4 Fire Magic


You had 8 spell levels left.
You knew the following spells:

 Your Spells              Type           Power        Failure   Level  Hunger
a - Magic Dart            Conj           ###.         4%          1    None
b - Conjure Flame         Conj/Fire      ##......     21%         3    ##.....
c - Stone Arrow           Conj/Erth      ##....       21%         3    ##.....


Dungeon Overview and Level Annotations

Branches:
Dungeon (5/15)
 Temple: D:4-7

Altars:
Ashenzari
Elyvilon


Message History

Aiming: Conjure Flame
Press: ? - help, Dir - move target cursor The fire roars!
The centaur shoots an arrow.
The arrow hits you.
The centaur shoots an arrow.
The arrow closely misses you.
You see here an arrow.
The centaur shoots an arrow.
The arrow barely misses you.
The centaur shoots an arrow.
The arrow closely misses you.
The centaur shoots an arrow.
The arrow hits you.
* * * LOW HITPOINT WARNING * * *
You see here an arrow.
You see here 6 arrows.
The centaur shoots an arrow.
The arrow completely misses you.
You see here an arrow.
Casting: Conjure Flame
Confirm with . or Enter, or press ? or * to list all spells.
You don't have enough magic to cast that spell.
The centaur shoots an arrow.
The arrow hits you!
* * * LOW HITPOINT WARNING * * *
The centaur shoots an arrow.
The arrow hits you!
You die...

.# ## ... ##
########.. . ..
.......... .. .#
.....###.# .. .#
.....###.###.#
##[## .......#....
#...### ....##.#..#
###....(#
######.#..####..@.#
######.#........#.#
##................#
##.#####(c......#.#
...# #(########.#
#### #.# ># #(# .#
#.# .# #(#


You could see a centaur.

Vanquished Creatures
  A black bear (D:4)
  A crimson imp (D:5)
  An orc wizard (D:5)
  3 adders
  4 gnolls (D:3)
  2 worms (D:2)
  5 giant geckos
  2 orcs
  8 giant cockroaches
  8 hobgoblins
  A quokka (D:2)
  12 bats
  A giant cockroach zombie (D:5)
  6 giant newts
  6 goblins
  6 kobolds
  9 rats
76 creatures vanquished.

Notes
Turn   | Place    | Note
--------------------------------------------------------------
     0 | D:1      | mindo the High Elf Wizard began the quest for the Orb.
     0 | D:1      | Reached XP level 1. HP: 11/11 MP: 6/6
   185 | D:1      | Reached skill level 4 in Spellcasting
   210 | D:1      | Reached XP level 2. HP: 17/17 MP: 1/8
   897 | D:2      | Reached XP level 3. HP: 21/21 MP: 2/9
  1597 | D:2      | Found a shattered altar of Ashenzari.
  1773 | D:3      | Learned a level 3 spell: Conjure Flame
  1775 | D:3      | Reached XP level 4. HP: 27/27 MP: 9/11
  1870 | D:3      | HP: 1/27 [gnoll/halberd (6)]
  3216 | D:4      | Reached skill level 1 in Armour
  3460 | D:4      | Learned a level 3 spell: Stone Arrow
  3461 | D:4      | Reached XP level 5. HP: 32/32 MP: 9/13
  3532 | D:4      | Noticed a black bear
  3571 | D:4      | Killed a black bear
  3571 | D:4      | Reached skill level 5 in Spellcasting
  3635 | D:4      | Found a white marble altar of Elyvilon.
  3859 | D:5      | Entered Level 5 of the Dungeon
  3865 | D:5      | Reached XP level 6. HP: 34/37 MP: 3/14
  4030 | D:5      | Noticed a centaur
  4072 | D:5      | HP: 1/37 [centaur/arrow (10)]
  4073 | D:5      | Shot with an arrow by a centaur

Action                   |  1- 3 |  4- 6 || total
-------------------------+-------+-------++-------
Melee: Unarmed           |     1 |       ||     1
       Whip              |     9 |       ||     9
       Hand axe          |    37 |    14 ||    51
Throw: Tomahawk          |     7 |    22 ||    29
 Cast: Magic Dart        |   121 |    69 ||   190
       Conjure Flame     |       |     7 ||     7
       Stone Arrow       |       |     4 ||     4
  Use: Potion            |     3 |     4 ||     7
       Scroll            |       |     8 ||     8
  Eat: Bread ration      |     1 |     2 ||     3
